TOP OF THE 1ST |
Texas Rangers batting - Pitching for Los Angeles Angels : RHP Stephen Strasburg
|
Pitching: RHP Stephen Strasburg
|
|
Batting: LHB Joc Pederson
|
0-0: Swinging Strike 0-1: Ball 1-1: Ball 2-1: Foul Ball, location: 2F 2-2: Strikes out swinging
|
Batting: RHB Andrelton Simmons
|
0-0: Called Strike 0-1: Swinging Strike 0-2: Ball 1-2: Fly out, F8 (Flyball, 8LXD)
|
Batting: LHB Bryce Harper
|
0-0: Ball 1-0: Swinging Strike 1-1: Ball 2-1: Foul Ball, location: 2F 2-2: Fly out, F8 (Line Drive, 8LM)
|
Top of the 1st over - 0 runs, 0 hits, 0 errors, 0 left on base; Texas 0 - Los Angeles 0 |
BOTTOM OF THE 1ST |
Los Angeles Angels batting - Pitching for Texas Rangers : RHP Kendall Graveman
|
Pitching: RHP Kendall Graveman
|
|
Batting: RHB Kevin Pillar
|
0-0: Called Strike 0-1: Ball 1-1: Ball 2-1: Called Strike 2-2: Ball 3-2: Fly out, F3 (Flyball, 3D)
|
Batting: LHB Kevin Kiermaier
|
0-0: Called Strike 0-1: Ground out U3 (Groundball, 3)
|
Batting: RHB Wil Myers
|
0-0: Called Strike 0-1: Ball 1-1: Swinging Strike 1-2: Foul Ball, location: 2F 1-2: Ball 2-2: Foul Ball, location: 2F 2-2: Strikes out swinging
|
Bottom of the 1st over - 0 runs, 0 hits, 0 errors, 0 left on base; Texas 0 - Los Angeles 0 |
TOP OF THE 2ND |
Texas Rangers batting - Pitching for Los Angeles Angels : RHP Stephen Strasburg
|
Batting: LHB Eric Thames
|
0-0: DOUBLE (Flyball, 89XD)
|
Batting: SHB Jeimer Candelario
|
0-0: Ball 1-0: Ball 2-0: Swinging Strike 2-1: Called Strike 2-2: Ball 3-2: Foul Ball, location: 2F 3-2: Ground out U3 (Groundball, 3L) Eric Thames to third
|
Batting: SHB Asdrubal Cabrera
|
0-0: Ball 1-0: Called Strike 1-1: Ball 2-1: DOUBLE (Flyball, 78D) Eric Thames scores
|
Batting: LHB Miguel Montero
|
0-0: Foul Ball, location: 2F 0-1: Ball 1-1: Foul Ball, location: 2F 1-2: Ball 2-2: Strikes out swinging
|
Batting: RHB Jake Smolinski
|
0-0: SINGLE (Groundball, 56D) Asdrubal Cabrera to third Runner from 3rd tries for Home, SAFE, throw by LF to home
|
Batting: SHB Breyvic Valera
|
0-0: Foul Ball, location: 2F 0-1: Foul Ball, location: 2F 0-2: Ball 1-2: Strikes out swinging
|
Top of the 2nd over - 2 runs, 3 hits, 0 errors, 1 left on base; Texas 2 - Los Angeles 0 |
BOTTOM OF THE 2ND |
Los Angeles Angels batting - Pitching for Texas Rangers : RHP Kendall Graveman
|
Batting: RHB Evan Longoria
|
0-0: Ball 1-0: Ball 2-0: DOUBLE (Groundball, 5L)
|
Batting: LHB Jason Kipnis
|
0-0: Foul Ball, location: 2F 0-1: Called Strike 0-2: Foul Ball, location: 2F 0-2: Strikes out looking
|
Batting: RHB Tyler Austin
|
0-0: Ball 1-0: Fly out, F3 (Popup, 3L)
|
Batting: RHB Wilmer Flores
|
0-0: Fly out, F8 (Flyball, 78M)
|
Bottom of the 2nd over - 0 runs, 1 hit, 0 errors, 1 left on base; Texas 2 - Los Angeles 0 |
TOP OF THE 3RD |
Texas Rangers batting - Pitching for Los Angeles Angels : RHP Stephen Strasburg
|
Batting: LHB Joc Pederson
|
0-0: Ball 1-0: Ball 2-0: Foul Ball, location: 2F 2-1: Ball 3-1: Swinging Strike 3-2: Ground out 4-3 (Groundball, 4M)
|
Batting: RHB Andrelton Simmons
|
0-0: Ball 1-0: Fly out, F8 (Line Drive, 8LD)
|
Batting: LHB Bryce Harper
|
0-0: Fly out, F6 (Popup, 6MS)
|
Top of the 3rd over - 0 runs, 0 hits, 0 errors, 0 left on base; Texas 2 - Los Angeles 0 |
BOTTOM OF THE 3RD |
Los Angeles Angels batting - Pitching for Texas Rangers : RHP Kendall Graveman
|
Batting: RHB Mike Zunino
|
0-0: Swinging Strike 0-1: Ball 1-1: Ball 2-1: Foul Ball, location: 2F 2-2: Foul Ball, location: 2F 2-2: Strikes out swinging
|
Batting: SHB Yolmer Sanchez
|
0-0: Called Strike 0-1: SINGLE (Groundball, 34S) (infield hit)
|
Batting: RHB Kevin Pillar
|
0-0: Called Strike 0-1: Called Strike 0-2: Ball 1-2: SINGLE (Line Drive, 6D) Yolmer Sanchez to second
|
Batting: LHB Kevin Kiermaier
|
0-0: Fielders Choice at 2nd, 4-6 (Groundball, 4) Yolmer Sanchez to third
|
Batting: RHB Wil Myers
|
0-0: Ball 1-0: Ball 2-0: Ball 3-0: Called Strike 3-1: Swinging Strike 3-2: Strikes out looking
|
Bottom of the 3rd over - 0 runs, 2 hits, 0 errors, 2 left on base; Texas 2 - Los Angeles 0 |
TOP OF THE 4TH |
Texas Rangers batting - Pitching for Los Angeles Angels : RHP Stephen Strasburg
|
Batting: LHB Eric Thames
|
0-0: Foul Ball, location: 2F 0-1: Ball 1-1: Foul Ball, location: 2F 1-2: Ball 2-2: SOLO HOME RUN (Flyball, 89XD), Distance : 398 ft
|
Pitching: LHP Jose Alvarez
|
|
Batting: SHB Jeimer Candelario
|
0-0: Ball 1-0: Fly out, F8 (Line Drive, 8LM)
|
Batting: SHB Asdrubal Cabrera
|
0-0: Foul Ball, location: 2F 0-1: Foul Ball, location: 2F 0-2: Ball 1-2: Ball 2-2: Ground out 4-3 (Groundball, 4)
|
Batting: LHB Miguel Montero
|
0-0: Ball 1-0: Ground out 5-3 (Groundball, 5L)
|
Top of the 4th over - 1 run, 1 hit, 0 errors, 0 left on base; Texas 3 - Los Angeles 0 |
BOTTOM OF THE 4TH |
Los Angeles Angels batting - Pitching for Texas Rangers : RHP Kendall Graveman
|
Batting: RHB Evan Longoria
|
0-0: SINGLE (Line Drive, 7S)
|
Batting: LHB Jason Kipnis
|
0-0: Ball 1-0: Fielders Choice at 2nd, 6-4 (Groundball, 6M)
|
Batting: RHB Tyler Austin
|
0-0: Called Strike 0-1: Ball 1-1: Foul Ball, location: 2F 1-2: Grounds into double play, 5-4-3 (Groundball, 56)
|
Bottom of the 4th over - 0 runs, 1 hit, 0 errors, 0 left on base; Texas 3 - Los Angeles 0 |
TOP OF THE 5TH |
Texas Rangers batting - Pitching for Los Angeles Angels : LHP Jose Alvarez
|
Batting: RHB Jake Smolinski
|
0-0: Called Strike 0-1: Fly out, F7 (Flyball, 7S)
|
Batting: SHB Breyvic Valera
|
0-0: Ball 1-0: Called Strike 1-1: Ground out U3 (Groundball, 34)
|
Batting: LHB Joc Pederson
|
0-0: Ball 1-0: Ball 2-0: Foul Ball, location: 2F 2-1: Ball 3-1: Called Strike 3-2: Strikes out looking
|
Top of the 5th over - 0 runs, 0 hits, 0 errors, 0 left on base; Texas 3 - Los Angeles 0 |
BOTTOM OF THE 5TH |
Los Angeles Angels batting - Pitching for Texas Rangers : RHP Kendall Graveman
|
Batting: RHB Wilmer Flores
|
0-0: Foul Ball, location: 2F 0-1: SINGLE (Groundball, 3) (infield hit)
|
Batting: RHB Mike Zunino
|
0-0: Swinging Strike 0-1: Called Strike 0-2: Strikes out looking
|
Batting: SHB Yolmer Sanchez
|
0-0: Fly out, F7 (Flyball, 7)
|
Batting: RHB Kevin Pillar
|
0-0: SINGLE (Line Drive, 7LS) Wilmer Flores to second
|
Batting: LHB Kevin Kiermaier
|
0-0: Called Strike 0-1: Swinging Strike 0-2: Strikes out swinging
|
Bottom of the 5th over - 0 runs, 2 hits, 0 errors, 2 left on base; Texas 3 - Los Angeles 0 |
TOP OF THE 6TH |
Texas Rangers batting - Pitching for Los Angeles Angels : LHP Jose Alvarez
|
Batting: RHB Andrelton Simmons
|
0-0: Foul Ball, location: 2F 0-1: Foul Ball, location: 2F 0-2: SINGLE (Groundball, 6D)
|
Pitching: RHP Sam Tuivailala
|
|
Batting: LHB Bryce Harper
|
0-0: Ball 1-0: Foul Ball, location: 2F 1-1: Fly out, F9 (Flyball, 9LS)
|
Batting: LHB Eric Thames
|
0-0: Ball 1-0: Ball 2-0: Ball 3-0: Called Strike 3-1: Called Strike 3-2: Base on Balls Andrelton Simmons to second
|
Batting: SHB Jeimer Candelario
|
0-0: Called Strike 0-1: Swinging Strike 0-2: Strikes out looking
|
Batting: SHB Asdrubal Cabrera
|
0-0: Swinging Strike 0-1: Foul Ball, location: 2F 0-2: Strikes out swinging
|
Top of the 6th over - 0 runs, 1 hit, 0 errors, 2 left on base; Texas 3 - Los Angeles 0 |
BOTTOM OF THE 6TH |
Los Angeles Angels batting - Pitching for Texas Rangers : RHP Kendall Graveman
|
Batting: RHB Wil Myers
|
0-0: Called Strike 0-1: Ball 1-1: Ball 2-1: SOLO HOME RUN (Flyball, 9D), Distance : 368 ft
|
Batting: RHB Evan Longoria
|
0-0: Swinging Strike 0-1: Ball 1-1: Swinging Strike 1-2: Strikes out swinging
|
Batting: LHB Jason Kipnis
|
0-0: Ball 1-0: Fly out, F7 (Flyball, 7LS)
|
Batting: RHB Tyler Austin
|
0-0: Called Strike 0-1: Swinging Strike 0-2: Foul Ball, location: 2F 0-2: Ball 1-2: Fly out, F8 (Flyball, 8LS)
|
Bottom of the 6th over - 1 run, 1 hit, 0 errors, 0 left on base; Texas 3 - Los Angeles 1 |
TOP OF THE 7TH |
Texas Rangers batting - Pitching for Los Angeles Angels : RHP Sam Tuivailala
|
Pitching: RHP Sam Dyson
|
|
Batting: LHB Miguel Montero
|
0-0: Ball 1-0: Swinging Strike 1-1: Ball 2-1: Swinging Strike 2-2: Foul Ball, location: 2F 2-2: Ball 3-2: Fly out, F8 (Flyball, 8LM)
|
Batting: RHB Jake Smolinski
|
0-0: SINGLE (Groundball, 56D)
|
Batting: SHB Breyvic Valera
|
0-0: Foul Ball, location: 2F 0-1: Foul Ball, location: 2F 0-2: Fly out, F8 (Flyball, 8LD)
|
Batting: LHB Joc Pederson
|
0-0: Swinging Strike 0-1: 2-RUN HOME RUN (Flyball, 7D), Distance : 369 ft
|
Pitching: RHP Hansel Robles
|
|
Batting: RHB Andrelton Simmons
|
0-0: Ball 1-0: Called Strike 1-1: Ball 2-1: Foul Ball, location: 2F 2-2: Fly out, F5 (Popup, 56S)
|
Top of the 7th over - 2 runs, 2 hits, 0 errors, 0 left on base; Texas 5 - Los Angeles 1 |
BOTTOM OF THE 7TH |
Los Angeles Angels batting - Pitching for Texas Rangers : RHP Kendall Graveman
|
Batting: RHB Wilmer Flores
|
0-0: Fly out, F8 (Flyball, 89M)
|
Batting: RHB Mike Zunino
|
0-0: Fly out, F7 (Flyball, 7S)
|
Batting: SHB Yolmer Sanchez
|
0-0: Called Strike 0-1: Called Strike 0-2: Ball 1-2: Ball 2-2: Strikes out swinging
|
Bottom of the 7th over - 0 runs, 0 hits, 0 errors, 0 left on base; Texas 5 - Los Angeles 1 |
TOP OF THE 8TH |
Texas Rangers batting - Pitching for Los Angeles Angels : RHP Hansel Robles
|
Pitching: LHP Luis Avilan
|
|
Batting: LHB Bryce Harper
|
0-0: Swinging Strike 0-1: Ball 1-1: Ball 2-1: Ball 3-1: Foul Ball, location: 2F 3-2: Foul Ball, location: 2F 3-2: Base on Balls
|
Pitching: RHP Chaz Roe
|
|
Batting: LHB Eric Thames
|
0-0: Called Strike 0-1: Ball 1-1: Foul Ball, location: 2F 1-2: Strikes out swinging
|
Batting: SHB Jeimer Candelario
|
0-0: Called Strike 0-1: Grounds into double play, 6-4-3 (Groundball, 6D)
|
Top of the 8th over - 0 runs, 0 hits, 0 errors, 0 left on base; Texas 5 - Los Angeles 1 |
BOTTOM OF THE 8TH |
Los Angeles Angels batting - Pitching for Texas Rangers : RHP Kendall Graveman
|
Batting: RHB Kevin Pillar
|
0-0: Ball 1-0: Ball 2-0: Called Strike 2-1: Ground out 5-3 (Groundball, 56)
|
Batting: LHB Kevin Kiermaier
|
0-0: Swinging Strike 0-1: Ball 1-1: Called Strike 1-2: Ball 2-2: Ball 3-2: Foul Ball, location: 2F 3-2: SINGLE (Groundball, 6MD)
|
Batting: RHB Wil Myers
|
0-0: Ball 1-0: Called Strike 1-1: Swinging Strike 1-2: Strikes out looking
|
Pitching: RHP Will Harris
|
|
Batting: RHB Evan Longoria
|
0-0: Fly out, F8 (Flyball, 8LS)
|
Bottom of the 8th over - 0 runs, 1 hit, 0 errors, 1 left on base; Texas 5 - Los Angeles 1 |
TOP OF THE 9TH |
Texas Rangers batting - Pitching for Los Angeles Angels : RHP Chaz Roe
|
Batting: SHB Asdrubal Cabrera
|
0-0: Called Strike 0-1: Ball 1-1: DOUBLE (Line Drive, 7LD)
|
Batting: LHB Miguel Montero
|
0-0: Ball 1-0: Ball 2-0: Called Strike 2-1: Called Strike 2-2: Ball 3-2: Base on Balls
|
Batting: RHB Jake Smolinski
|
0-0: Ball 1-0: Ball 2-0: Bunt missed! 2-1: Sac Bunt to 5S - play at first, batter OUT! 5-4 Asdrubal Cabrera to third Miguel Montero to second
|
Batting: SHB Breyvic Valera
|
0-0: Ball 1-0: Called Strike 1-1: Ground out 6-3 (Groundball, 56)
|
Batting: LHB Joc Pederson
|
0-0: Ground out 4-3 (Groundball, 4)
|
Top of the 9th over - 0 runs, 1 hit, 0 errors, 2 left on base; Texas 5 - Los Angeles 1 |
BOTTOM OF THE 9TH |
Los Angeles Angels batting - Pitching for Texas Rangers : RHP Will Harris
|
Batting: LHB Jason Kipnis
|
0-0: Ball 1-0: Swinging Strike 1-1: Fly out, F5 (Popup, 5F)
|
Batting: RHB Tyler Austin
|
0-0: Ball 1-0: Foul Ball, location: 2F 1-1: Ball 2-1: Fly out, F7 (Flyball, 7LS)
|
Batting: RHB Wilmer Flores
|
0-0: Called Strike 0-1: Foul Ball, location: 2F 0-2: Ball 1-2: Ball 2-2: Strikes out swinging
|
Bottom of the 9th over - 0 runs, 0 hits, 0 errors, 0 left on base; Texas 5 - Los Angeles 1 |
|